 Dungeon Crawl Stone Soup version 0.27-a0-1196-g3e9cee4cb2 (webtiles) character file.

Game seed: 8852206697830471107

3191 Gargoyl the Fighter (level 9, -3/74 HPs)
             Began as a Gnoll Abyssal Knight on May 29, 2021.
             Was a Believer of Lugonu.
             Slain by a death yak (19 damage)
             ... on level 8 of the Dungeon.
             The game lasted 00:09:43 (7249 turns).

Gargoyl the Fighter (Gnoll Abyssal Knight)          Turns: 7249, Time: 00:09:44

Health: -3/74      AC: 22    Str: 18 (19) XL:     9   Next: 96%
Magic:  16/16      EV:  7    Int: 11 (12) God:    Lugonu [**....]
Gold:   207        SH:  0    Dex: 14      Spells: 17/17 levels left

rFire    . . .     SeeInvis .   i - +2 hand axe (vamp)
rCold    . . .     Faith    .   (no shield)
rNeg     . . .     Spirit   .   w - +0 plate armour
rPois    .         Reflect  .   n - +1 helmet
rElec    .         Harm     .   e - +2 cloak of Leadapaj {Drain Str+4 Dex+3}
rCorr    .         Rampage  .   (no gloves)
Will     .....                  (no boots)
Stlth    ..........             (no amulet)
HPRegen  0.22/turn              c - +4 ring of protection
MPRegen  0.15/turn              (no ring)

@: no status effects
A: fangs 1, strong nose, distributed training
a: Renounce Religion, Depart the Abyss, Bend Space


You were on level 8 of the Dungeon.
You worshipped Lugonu.
Lugonu was pleased with you.
You visited 1 branch of the dungeon, and saw 8 of its levels.
You visited the Abyss 1 time.

You collected 448 gold pieces.
You spent 241 gold pieces at shops.

Inventory:

Hand Weapons
 a - a +1 hand axe
 i - a +2 vampiric hand axe (weapon)
Missiles
 k - 5 atropa-tipped darts
 o - 17 poisoned darts (quivered)
 q - a throwing net
Armour
 e - the +2 cloak of Leadapaj (worn) {Drain Str+4 Dex+3}
   (You found it on level 6 of the Dungeon)

   It affects your strength (+4).
   It affects your dexterity (+3).
   It drains your maximum health when unequipped.
 n - a +1 helmet (worn)
 w - a +0 plate armour (worn)
Jewellery
 c - a +4 ring of protection (left hand)
 m - a ring of flight
Wands
 d - a wand of acid (14)
 s - a wand of iceblast (8)
Scrolls
 b - 5 scrolls of magic mapping
 j - 4 scrolls of identify
 p - 2 scrolls of fear
 r - a scroll of enchant armour
Potions
 f - 9 potions of curing
 g - a potion of heal wounds
 h - 2 potions of brilliance
 l - a potion of lignification
 t - a potion of invisibility


   Skills:
 + Level 8.2 Fighting
 + Level 4.7 Short Blades
 + Level 4.7 Long Blades
 + Level 6.6 Axes
 + Level 4.7 Maces & Flails
 + Level 4.7 Polearms
 + Level 4.7 Staves
 + Level 4.7 Slings
 + Level 4.7 Bows
 + Level 4.7 Crossbows
 + Level 4.7 Throwing
 + Level 6.6 Armour
 + Level 5.4 Dodging
 + Level 4.7 Stealth
 + Level 4.7 Shields
 + Level 4.7 Unarmed Combat
 + Level 4.7 Spellcasting
 + Level 3.9 Conjurations
 + Level 3.9 Hexes
 + Level 3.9 Summonings
 + Level 3.9 Necromancy
 + Level 3.9 Translocations
 + Level 3.9 Transmutations
 + Level 3.9 Fire Magic
 + Level 3.9 Ice Magic
 + Level 3.9 Air Magic
 + Level 3.9 Earth Magic
 + Level 3.9 Poison Magic
 + Level 7.0 Invocations
 + Level 4.7 Evocations


You had 17 spell levels left.
You didn't know any spells.
Your spell library contained the following spells:

 Spells                   Type           Power      Damage    Failure   Level
 Beastly Appendage        Tmut           22%        N/A       78%         1
 Magic Dart               Conj           44%        1d5       78%         1
 Sandblast                Erth           22%        2d7       78%         1
 Passwall                 Tmut/Erth      9%         N/A       89%         2
 Searing Ray              Conj           22%        3d3       89%         2
 Wereblood                Tmut           11%        N/A       89%         2
 Dazzling Flash           Conj/Hex       22%        N/A       98%         3
 Spider Form              Tmut/Pois      5%         N/A       98%         3
 Stone Arrow              Conj/Erth      22%        3d8       98%         3
 Fulminant Prism          Conj/Hex       5%         3d7       100%        4
 Ice Form                 Ice/Tmut       11%        N/A       100%        4
 Iskenderun's Mystic Bla  Conj/Tloc      11%        2d4       100%        4
 Petrify                  Tmut/Erth      11%        N/A       100%        4
 Hydra Form               Tmut           5%         N/A       100%        5
 Lee's Rapid Deconstruct  Erth           5%         3d7*      100%        5


Dungeon Overview and Level Annotations

Branches:
Dungeon (8/15)             Temple (0/1) D:4
   Lair: D:8-11

Altars:
Ashenzari
Elyvilon
Gozag
Hepliaklqana
Okawaru
Ru
Sif Muna
Uskayaw
The Shining One

Shops:
D:2 [   D:4 !:

Annotations:
D:4 3 runed translucent doors, confidenceinterval's ghost, amateur DsIE


Innate Abilities, Weirdness & Mutations

You have very sharp teeth.
Your uncanny sense of smell can sniff out nearby items.
Your experience applies equally to all skills.


Message History

You hit the death yak.
You feel better.
You bite the death yak, but do no damage.
The death yak is heavily wounded.
The death yak gores you!
You slash the death yak!
You feel better.
Your bite misses the death yak.
The death yak is heavily wounded.
The death yak gores you!
You hit the death yak.
The death yak is heavily wounded.
The death yak closely misses you.
You hit the death yak but do no damage.
The death yak is heavily wounded.
The death yak gores you but does no damage.
You slash the death yak!
You feel better.
The death yak is severely wounded.
The death yak gores you!
You hit the death yak.
You bite the death yak, but do no damage.
The death yak is severely wounded.
The death yak gores you.
You hit the death yak but do no damage.
The death yak is severely wounded.
The death yak gores you!
You hit the death yak but do no damage. Your bite misses the death yak.
The death yak is severely wounded.
The death yak gores you!
* * * LOW HITPOINT WARNING * * *
You hit the death yak. You bite the death yak.
The death yak is severely wounded.
The death yak gores you but does no damage.
You hit the death yak but do no damage.
The death yak is severely wounded.
The death yak closely misses you.
You slash the death yak!
You feel better.
The death yak is almost dead.
You hit the death yak.
You feel better.
You bite the death yak, but do no damage.
The death yak is almost dead.
The death yak gores you!!
You die...

..... ...( #...
##.. #... ..#
#.# ∆ #Y#
#@#### .
#.##.## ..
#.#...## ...
#......#...#
#.........#
########..##..#
.. ......>...#
.. #........##
.# #......##.##


You could see a death yak.

Vanquished Creatures
  A skeletal warrior (D:6)
  A troll (D:7)
  A steam dragon (D:8)
  A black bear (D:5)
  An orc warrior (D:6)
  A sky beast (D:6)
  An ogre (D:5)
  3 centaurs
  A phantom (D:5)
  A kobold brigand (D:5)
  A bullfrog (D:7)
  A scorpion (D:5)
  A gnoll sergeant (D:5)
  A water moccasin zombie (D:6)
  A jelly (D:7)
  3 howler monkeys
  An orc priest (D:7)
  2 hounds
  2 centaur skeletons
  Jessica (D:2)
  2 iguanas
  2 orc wizards
  A hound zombie (D:5)
  A hound skeleton (D:4)
  A howler monkey zombie (D:8)
  6 adders
  12 gnolls
  A white imp (D:6)
  2 worms
  2 dart slugs
  28 orcs
  4 ball pythons
  6 bats
  5 endoplasms
  4 giant cockroaches
  5 goblins
  7 hobgoblins
  8 jackals
  A quokka (D:4)
  A ball python zombie (D:1)
  2 frilled lizards
  10 kobolds
  A quokka zombie (D:1)
  5 rats
143 creatures vanquished.

Vanquished Creatures (others)
  An orc (D:8)
1 creature vanquished.

Grand Total: 144 creatures vanquished

Notes
Turn   | Place    | Note
-------+----------+-------------------------------------------
     0 | Abyss:1  | Gargoyl the Gnoll Abyssal Knight began the quest for the
                  | Orb.
     0 | Abyss:1  | Reached XP level 1. HP: 23/23 MP: 3/3
    77 | Abyss:2  | Noticed a hellephant
    78 | D:1      | Escaped the Abyss
   257 | D:1      | Reached XP level 2. HP: 29/29 MP: 5/5
   412 | D:1      | Reached * piety under Lugonu
   445 | D:1      | Reached XP level 3. HP: 32/35 MP: 6/6
   518 | D:1      | Found a faded altar of an unknown god.
   912 | D:2      | Noticed Jessica
   915 | D:2      | Found Zumem's Antique Armour Emporium.
   916 | D:2      | Killed Jessica
   917 | D:2      | Reached skill level 1 in Short Blades
   917 | D:2      | Reached skill level 1 in Long Blades
   917 | D:2      | Reached skill level 1 in Maces & Flails
   917 | D:2      | Reached skill level 1 in Polearms
   917 | D:2      | Reached skill level 1 in Staves
   917 | D:2      | Reached skill level 1 in Slings
   917 | D:2      | Reached skill level 1 in Bows
   917 | D:2      | Reached skill level 1 in Crossbows
   917 | D:2      | Reached skill level 1 in Throwing
   917 | D:2      | Reached skill level 1 in Stealth
   917 | D:2      | Reached skill level 1 in Shields
   917 | D:2      | Reached skill level 1 in Unarmed Combat
   917 | D:2      | Reached skill level 1 in Spellcasting
   917 | D:2      | Reached skill level 1 in Evocations
   917 | D:2      | Reached XP level 4. HP: 40/41 MP: 7/7
   942 | D:2      | Bought a chain mail for 121 gold pieces
  1695 | D:3      | Noticed a +0 dagger
  1778 | D:3      | Reached ** piety under Lugonu
  1804 | D:3      | Noticed a +0 hand axe
  1813 | D:3      | Found a hide-covered altar of Uskayaw.
  1816 | D:3      | Reached skill level 1 in Conjurations
  1816 | D:3      | Reached skill level 1 in Hexes
  1816 | D:3      | Reached skill level 1 in Summonings
  1816 | D:3      | Reached skill level 1 in Necromancy
  1816 | D:3      | Reached skill level 1 in Translocations
  1816 | D:3      | Reached skill level 1 in Transmutations
  1816 | D:3      | Reached skill level 1 in Fire Magic
  1816 | D:3      | Reached skill level 1 in Ice Magic
  1816 | D:3      | Reached skill level 1 in Air Magic
  1816 | D:3      | Reached skill level 1 in Earth Magic
  1816 | D:3      | Reached skill level 1 in Poison Magic
  2150 | D:4      | Reached XP level 5. HP: 32/47 MP: 8/8
  2274 | D:4      | Found a runed translucent gate.
  2274 | D:4      | Found a runed translucent gate.
  2274 | D:4      | Found a runed translucent gate.
  2370 | D:4      | Found a shimmering blue altar of Sif Muna.
  2388 | D:4      | Reached skill level 5 in Invocations
  2388 | D:4      | Reached XP level 6. HP: 40/53 MP: 9/9
  2519 | D:4      | Found a sacrificial altar of Ru.
  2596 | D:4      | Found a white marble altar of Elyvilon.
  2727 | D:4      | Found a staircase to the Ecumenical Temple.
  2786 | D:4      | Found Xyihoych's Distillery.
  2789 | D:4      | Bought a potion of heal wounds for 60 gold pieces
  2789 | D:4      | Bought a potion of heal wounds for 60 gold pieces
  2925 | D:4      | Reached skill level 5 in Axes
  2925 | D:4      | Reached skill level 5 in Armour
  2982 | D:4      | Noticed confidenceinterval's ghost (amateur DsIE)
  2982 | D:4      | Found an opulent altar of Gozag.
  3040 | D:4      | Found Ohioj's Book Boutique.
  3100 | D:5      | Entered Level 5 of the Dungeon
  3100 | D:5      | Noticed a black bear
  3115 | D:5      | Killed a black bear
  3144 | D:5      | Reached XP level 7. HP: 23/59 MP: 10/10
  3421 | D:5      | Reached skill level 7 in Fighting
  4117 | D:5      | Found a broken altar of Ashenzari.
  4152 | D:5      | Reached XP level 8. HP: 16/67 MP: 12/12
  4490 | D:5      | Identified the +3 mace of Barnacled Tender Mercy {vorpal,
                  | Int+9 Stlth-}
  5243 | D:6      | Reached *** piety under Lugonu
  5671 | D:6      | Identified the +2 cloak of Leadapaj {Drain Str+4 Dex+3}
  5995 | D:7      | Found a hazy altar of Hepliaklqana.
  6001 | D:7      | Noticed a troll
  6014 | D:7      | Killed a troll
  6015 | D:7      | Reached XP level 9. HP: 23/73 MP: 14/14
  6431 | D:7      | Noticed a skeletal warrior
  6434 | D:7      | Noticed a skeletal warrior
  6511 | D:6      | Killed a skeletal warrior
  6512 | D:6      | Reached skill level 5 in Dodging
  6887 | D:7      | Found a glowing golden altar of the Shining One.
  6953 | D:7      | Noticed a skeletal warrior
  6955 | D:7      | Banished a skeletal warrior
  6956 | D:7      | Reached skill level 8 in Fighting
  6959 | D:7      | Noticed a skeletal warrior
  7011 | D:8      | Found an iron altar of Okawaru.
  7215 | D:8      | Noticed a death yak
  7249 | D:8      | Slain by a death yak

Illustrated notes

Levels and vault maps discovered:
D:1:      saegor_arrival_fortress, layout_rooms, ebering_ecumenical_altar_hall,
          minmay_tetromino_i2
D:2:      layout_basic, serial_shops, shop, uniq_jessica
D:3:      layout_rooms, dancing_weapons_uskayaw
D:4:      layout_basic, kennysheep_little_box, nicolae_overflow_hidden_temple,
          hangedman_ru_absence, minmay_temple_entry_fiery, serial_shops,
          nicolae_shop_temple_entry_statues_fountains, kennysheep_mini,
          ebering_ghost_gozag
D:5:      layout_cave_pods, ashenzari_conservatory_becter,
          chequers_serial_rivers_small_b
D:6:      layout_loops_ring
D:7:      layout_basic, tso_oasis_becter, lemuel_tele_altar
D:8:      layout_cave_pods, grunt_temple_overflow_growth_and_decay,
          okawaru_ov_weapons_minmay, dpeg_lair_monsters, kennysheep_nub,
          nicolae_straight_to_the_point

Skill      XL: |  1  2  3  4  5  6  7  8  9 |
---------------+----------------------------+-----
Short Blades   | 1 2 3 4 |  4.7
Long Blades    | 1 2 3 4 |  4.7
Maces & Flails | 1 2 3 4 |  4.7
Polearms       | 1 2 3 4 |  4.7
Staves         | 1 2 3 4 |  4.7
Slings         | 1 2 3 4 |  4.7
Bows           | 1 2 3 4 |  4.7
Crossbows      | 1 2 3 4 |  4.7
Throwing       | 1 2 3 4 |  4.7
Stealth        | 1 2 3 4 |  4.7
Shields        | 1 2 3 4 |  4.7
Unarmed Combat | 1 2 3 4 |  4.7
Spellcasting   | 1 2 3 4 |  4.7
Evocations     | 1 2 3 4 |  4.7
Conjurations   | 1 2 3 |  3.9
Hexes          | 1 2 3 |  3.9
Summonings     | 1 2 3 |  3.9
Necromancy     | 1 2 3 |  3.9
Translocations | 1 2 3 |  3.9
Transmutations | 1 2 3 |  3.9
Fire Magic     | 1 2 3 |  3.9
Ice Magic      | 1 2 3 |  3.9
Air Magic      | 1 2 3 |  3.9
Earth Magic    | 1 2 3 |  3.9
Poison Magic   | 1 2 3 |  3.9
Dodging        | 3 4 5 |  5.4
Invocations    | 5 6 7 |  7.0
Axes           | 5 6 |  6.6
Armour         | 5 6 |  6.6
Fighting       | 7 8 |  8.2

Action                   |  1- 3 |  4- 6 |  7- 9 || total
-------------------------+-------+-------+-------++-------
Melee: Hand axe          |    83 |   229 |   386 ||   698
       Bite              |    10 |    24 |    56 ||    90
       Punch             |       |     1 |     8 ||     9
Throw: Dart              |       |       |    10 ||    10
Invok: Depart the Abyss  |     1 |       |       ||     1
       Banish            |       |       |     7 ||     7
Evoke: Wand              |     1 |       |     4 ||     5
  Use: Scroll            |     4 |     4 |     7 ||    15
       Potion            |       |       |     7 ||     7
Armor: Leather armour    |    49 |       |       ||    49
       Chain mail        |       |   247 |   162 ||   409
       Plate armour      |       |       |   141 ||   141
Dodge: Dodged            |    61 |   128 |   157 ||   346

Table legend: (Time is in decaauts)
 A = Elapsed time spent in this place.
 B = Non-inter-level travel time spent in this place.
 C = Inter-level travel time spent in this place.
 D = Time resting spent in this place.
 E = Time spent auto-exploring this place.
 F = Levels seen in this place.
 G = Mean time per level.
                   A        B        C        D        E       F      G
               +--------+--------+--------+--------+--------+-----+--------+
         Total |   7259 |   7139 |    120 |    246 |   5281 |  10 |  725.9 |
       Dungeon |   7181 |   7061 |    120 |    246 |   5231 |   8 |  897.6 |
         Abyss |     77 |     77 |      0 |      0 |     50 |   2 |   38.5 |
               +--------+--------+--------+--------+--------+-----+--------+

Top non-repeatable levels by time:
     D:5: 1619 daAuts
     D:6: 1551 daAuts
     D:4: 970 daAuts
     D:2: 905 daAuts
     D:7: 733 daAuts
     D:1: 694 daAuts
     D:3: 469 daAuts
     D:8: 237 daAuts
 Abyss:2: 40 daAuts
 Abyss:1: 37 daAuts
